 Dungeon Crawl Stone Soup version 0.25-a0-365-g7600c65 (webtiles) character file.

Game seed: 14992791395060734628, levelgen mode: deterministic

131 relicbr the Chopper (level 4, 0/39 HPs)
             Began as a Minotaur Fighter on Jan 5, 2020.
             Slain by a goblin (5 damage)
             ... led by Robin
             ... on level 3 of the Dungeon.
             The game lasted 00:03:12 (1920 turns).

relicbr the Chopper (Minotaur Fighter)              Turns: 1920, Time: 00:03:13

Health: 0/39       AC:  6    Str: 20 (21) XL:     4   Next: 91%
Magic:  3/3        EV:  7    Int:  3 (5)  God:
Gold:   66         SH: 11    Dex:  7 (10) Spells: 3/3 levels left

rFire    + . .     SeeInvis .   a - +0 war axe
rCold    . . .     Gourm    .   s - +2 shield
rNeg     . . .     Faith    .   b - +0 scale mail
rPois    .         Spirit   .   (helmet restricted)
rElec    .         Reflect  .   (no cloak)
rCorr    .         Harm     .   (no gloves)
MR       .....                  (no boots)
Stlth    ..........             (no amulet)
HPRegen  0.13/turn              e - ring of protection from fire (curse)
MPRegen  0.08/turn              (no ring)

@: lethally poisoned (0 -> -4)
A: retaliatory headbutt, horns 2
a: no special abilities


You were on level 3 of the Dungeon.
You were not hungry.

You visited 1 branch of the dungeon, and saw 3 of its levels.

You collected 66 gold pieces.

Inventory:

Hand Weapons
 a - a +0 war axe (weapon)
Armour
 b - a +0 scale mail (worn)
 s - a +2 shield (worn)
Jewellery
 e - a cursed ring of protection from fire (left hand)
 p - an uncursed ring of resist corrosion {unknown}
Scrolls
 h - 2 scrolls of amnesia {unknown}
 i - a scroll of remove curse {unknown}
 k - 3 scrolls of magic mapping {unknown}
 m - 3 scrolls of teleportation {unknown}
 o - a scroll of identify {unknown}
Potions
 d - 2 potions of might
 g - a potion of flight {unknown}
 j - a potion of cancellation {unknown}
 l - a potion of mutation {unknown}
 r - a potion of magic {unknown}
Comestibles
 f - 2 rations


   Skills:
 - Level 3.6 Fighting
 * Level 6.0 Axes
 - Level 3.6 Armour
 - Level 3.6 Shields
 - Level 1.1 Unarmed Combat


You had 3 spell levels left.
You didn't know any spells.
Your spell library was empty.

Dungeon Overview and Level Annotations

Branches:
Dungeon (3/15)

Altars:
Fedhas
Sif Muna
Zin

Annotations:
D:3 Robin


Innate Abilities, Weirdness & Mutations

You reflexively headbutt those who attack you in melee.
You have a pair of horns on your head.


Message History

* * * LOW HITPOINT WARNING * * *
You feel sick.
* * * LOW HITPOINT WARNING * * *
You feel sick.
* * * LOW HITPOINT WARNING * * *
You feel sick.
The goblin no longer looks unusually strong.
* * * LOW HITPOINT WARNING * * *
You feel sick.
* * * LOW HITPOINT WARNING * * *
You feel sick.
* * * LOW HITPOINT WARNING * * *
You feel sick.
* * * LOW HITPOINT WARNING * * *
You feel sick.
It was a potion of degeneration.
There was something very wrong with that liquid.
You feel weakened.
You feel dopey.
You feel clumsy. The goblin hits you.
You die...

#. #. #.# #.#######
#....... ..
#.....########
#.##..g...#<....#
#..#...gg.#####.#
####._#..#'#gggg@..#
......#..#.#########
......#.g#.#
.....)#gg#.#
....g)gg.#.#
...g.#...#.#
.....#...#.#
.....#...#.#
.....'...#


You could see Robin, 2 hobgoblins and 4 goblins.

Vanquished Creatures
  An iguana (D:2)
  3 gnolls (D:2)
  2 dart slugs
  3 leopard geckos
  14 bats
  A giant cockroach (D:1)
  13 goblins
  3 hobgoblins (D:2)
  4 jackals
  2 quokkas (D:2)
  A ball python (D:2)
  2 frilled lizards (D:1)
  9 kobolds
  12 rats
70 creatures vanquished.

Notes
Turn   | Place    | Note
-------+----------+-------------------------------------------
     0 | D:1      | relicbr the Minotaur Fighter began the quest for the Orb.
     0 | D:1      | Reached XP level 1. HP: 19/19 MP: 0/0
    54 | D:1      | Reached skill level 1 in Unarmed Combat
    81 | D:1      | Reached skill level 3 in Axes
    81 | D:1      | Reached XP level 2. HP: 25/26 MP: 1/1
   382 | D:1      | Reached skill level 4 in Axes
   409 | D:1      | Reached XP level 3. HP: 31/31 MP: 2/2
   848 | D:2      | Found a blossoming altar of Fedhas.
   911 | D:2      | Found a glowing silver altar of Zin.
   955 | D:2      | Reached skill level 5 in Axes
   955 | D:2      | Reached XP level 4. HP: 23/39 MP: 3/3
  1896 | D:3      | Found a shimmering blue altar of Sif Muna.
  1896 | D:3      | Reached skill level 6 in Axes
  1897 | D:3      | Noticed Robin
  1920 | D:3      | Slain by a goblin

Levels and vault maps discovered:
D:1:      doesnt_arrival_eight_statues, layout_basic, minmay_tall_x
D:2:      minmay_evil_eye, layout_basic, zin_statuary,
          overflow_temple_1_default, nrook_loot_triangle, minmay_diced_spiral
D:3:      layout_basic, overflow_temple_1_default, first_ration,
          serial_bayou_lagoon_a, uniq_robin, uniq_ijyb

Skill      XL: |  1  2  3  4 |
---------------+-------------+-----
Unarmed Combat | 1 |  1.1
Axes           | 3 4 5 6 |  6.0
Fighting       | |  3.6
Armour         | |  3.6
Shields        | |  3.6

Action                   |  1- 3 |  4- 6 || total
-------------------------+-------+-------++-------
Melee: War axe           |   101 |    50 ||   151
       Headbutt          |    18 |     6 ||    24
  Use: Potion            |       |     1 ||     1
  Eat: Chunk             |       |     3 ||     3
Armor: Scale mail        |    57 |    34 ||    91
Dodge: Dodged            |    46 |    24 ||    70
Block: Shield            |    33 |    34 ||    67
       Buckler           |     9 |     4 ||    13

Table legend:
 A = Non-vault XP
 B = Vault XP
 C = Vault XP percentage of total XP
 D = Non-vault monster count
 E = Vault monster count
 F = Vault count percentage of total count
                 A         B        C        D         E       F
            +---------+---------+-------+---------+---------+-------
      Total |     157 |      31 |  16.5 |      55 |      15 |  21.4
            +---------+---------+-------+---------+---------+-------
        D:1 |      46 |       7 |  13.2 |      28 |       4 |  12.5
        D:2 |     108 |      15 |  12.2 |      25 |       6 |  19.4
        D:3 |       3 |       9 |  75.0 |       2 |       5 |  71.4
            +---------+---------+-------+---------+---------+-------
